AoeStats
← Rexan_

Four Lakes

508963161Analyzed
1v1 RM · 8d ago on Sep 24, 2026· 49m 58s· 2 players
Game mode
Random Map
Map size
Tiny (2 player)
Population
200
Speed
Normal
Resources
Standard
Victory
Conquest
Starting age
Dark Age
Ending age
Imperial Age
RankedLock teamsTeams togetherTeam positionsShared explorationLock speedFull tech treeHidden civsTurbo modeCheats
Victory
Defeat
🇷🇺 Japanese · Russia
1118
+17
🇪🇸 Spanish · Spain
1146
-17
Rexan_
8:22 Loom
10:25 Feudal Age
11:01 Man-at-Arms
11:34 Man-at-Arms
12:21 Double-Bit Axe
13:36 Fletching
14:45 Fishing Lines
15:50 Wheelbarrow
19:49 Castle Age
18:02 Horse Collar
21:08 Bodkin Arrow
20:35 Crossbowman
21:23 Gillnets
22:05 Bow Saw
23:37 Ballistics
24:37 Thumb Ring
26:52 Stone Mining
28:01 Hand Cart
29:50 Town Watch
30:54 Padded Archer Armor
31:04 Scale Mail Armor
31:15 Forging
30:33 Elite Skirmisher
31:17 Gold Mining
31:47 Heavy Plow
32:33 Leather Archer Armor
35:01 Imperial Age
32:51 Squires
34:53 Chain Mail Armor
36:28 Ring Archer Armor
35:58 Bracer
38:21 Conscription
39:09 Plate Mail Armor
39:14 Iron Casting
39:02 Elite Samurai
39:39 Gold Mining
41:13 Kataparuto
42:16 Blast Furnace
41:46 Murder Holes
41:23 Pikeman
42:40 Halberdier
43:12 Treadmill Crane
50:05 Town Patrol
EntrecoitoS
12:04 Feudal Age
10:27 Loom
16:49 Castle Age
15:51 Fishing Lines
24:57 Husbandry
25:09 Padded Archer Armor
25:57 Wheelbarrow
27:01 Bloodlines
27:10 Leather Archer Armor
31:02 Hand Cart
34:57 Imperial Age
37:05 Chemistry
36:53 Cavalier
39:05 Ring Archer Armor
39:58 Scale Barding Armor
41:08 Chain Barding Armor
45:32 Plate Barding Armor
Connection lost

Rejoining the realm…

Still unreachable

The connection could not be restored.

Session expired

The server has moved on; the page needs a fresh start.